 Dungeon Crawl Stone Soup version 0.31-a0-640-g39d97e502b (webtiles) character file.

Game seed: 16390445131899014784

703 Sanktem7 the Chopper (level 7, -1/61 HPs)
             Began as a Minotaur Fighter on Aug 28, 2023.
             Was an Initiate of Okawaru.
             Slain by a yak (9 damage)
             ... on level 4 of the Dungeon.
             The game lasted 00:04:00 (2820 turns).

Sanktem7 the Chopper (Minotaur Fighter)             Turns: 2820, Time: 00:04:01

Health: -1/61      AC: 11    Str: 22    XL:     7   Next: 39%
Magic:  6/6        EV:  8    Int:  5    God:    Okawaru [......]
Gold:   148        SH:  5    Dex: 10    Spells: 6/6 levels left

rFire   . . .        a - +0 war axe {axe}
rCold   + . .        c - +0 buckler
rNeg    . . .        p - +1 chain mail {rC+}
rPois   .            (helmet restricted)
rElec   .            (no cloak)
rCorr   .            (no gloves)
SInv    .            (no boots)
Will    .....        (no amulet) Stlth
                     (no ring)
HPRegen 0.30/turn    (no ring)
MPRegen 0.10/turn

%: no passive effects
@: studying Necromancy
A: horns 2, retaliatory headbutt
a: Renounce Religion


You were on level 4 of the Dungeon.
You worshipped Okawaru.
Okawaru was noncommittal.
You visited 2 branches of the dungeon, and saw 6 of its levels.

You collected 305 gold pieces.
You spent 157 gold pieces at shops.


Innate Abilities, Weirdness & Mutations

You have a pair of horns on your head.
You reflexively headbutt those who attack you in melee.


   Skills:
 + Level 5.5 Fighting
 * Level 6.4 Axes
 + Level 1.9 Throwing
 + Level 5.5 Armour
 + Level 5.5 Shields


You had 6 spell levels left.
You didn't know any spells.
Your spell library contained the following spells:

 Spells                   Type           Power      Damage    Failure   Level
 Cause Fear               Hex            0%         N/A       100%        4
 Fireball                 Conj/Fire      0%         3d3       100%        5
 Dragon's Call            Summ           Unusable   N/A       N/A         9

Inventory:

Hand Weapons
 a - a +0 war axe (weapon) {axe}
 b - a +1 dagger of venom {short}
   (You took it off an orc wizard on level 4 of the Dungeon)
 k - a +1 hand axe of freezing {axe}
   (You took it off Terence on level 2 of the Dungeon)
 m - a +2 vampiric hand axe {axe}
   (You took it off an orc on level 3 of the Dungeon)
 r - a +2 spear of freezing {polearm}
   (You found it on level 4 of the Dungeon)
Missiles
 g - 3 throwing nets {=f!fthrowing}
 h - 54 stones {throwing}
 n - 3 boomerangs {throwing}
Armour
 c - a +0 buckler (worn)
 p - a +1 chain mail of cold resistance (worn)
   (You bought it in a shop on level 3 of the Dungeon)
 u - a +0 pair of gloves
   (You found it on level 5 of the Dungeon)
Scrolls
 e - 3 scrolls of identify {unknown}
 i - a scroll of blinking {unknown}
 l - a scroll of immolation {unknown}
 s - a scroll of noise {unknown}
 t - a scroll of fog {unknown}
Potions
 d - 2 potions of might
 f - a potion of enlightenment {unknown}
 j - a potion of attraction {unknown}
 o - a potion of degeneration {unknown}
 q - a potion of resistance {unknown}

Dungeon Overview and Level Annotations

Branches:
Dungeon (5/15) Zot: 26527  Temple (1/1) D:5 Zot: 5967

Altars:
Ashenzari
Cheibriados
Dithmenos
Elyvilon
Hepliaklqana
Makhleb
Nemelex Xobeh
Okawaru
Ru
Sif Muna
Uskayaw
Vehumet
Wu Jian
Xom
Yredelemnul
Zin
The Shining One

Shops:
D:3 [

Annotations:
D:4 3 runed translucent doors, 2 transporters, Plaidstone's ghost, amateur DrCA
Temple 2 transporters

P.#≈≈≈≈≈≈≈#.P#....)#.#.#......#.#
..#..~P~..#.$#...#.........#.##.#
©/+..~⌠~..+$©#©..#.#.#.#.....##..
..#..~~~..#.$#............##...[.
P.#≈≈≈≈≈≈≈#.P#.####..##..........
8P#55.....#~8#.# #.#....##......
##############.####...#..........
...............##................
................@................
................Y.........##.....
#...####................#.##.....
..........................#######
#...####..................#######
....###.................#.#......
....##..................#.#......
...##...#............>...........
......................[...####.##


You could see a yak.


Message History

😕 HP[-4]
You take 4 damage, and now have 52/56 hp.
You slash the jelly!
Your hands burn!
You headbutt the jelly.
The jelly hits you but does no damage. 😕 HP[-2]
You take 2 damage, and now have 50/56 hp.
You hit the jelly.
You kill the jelly!
Okawaru accepts your kill. You block the iguana's attack.
You have reached level 7! 😕 HP[+5] MP[+1]
You now have 61 max hp (+5).
You regained 5 hp, and now have 55/61 hp.
Your mp is fully restored (6).
You slash the iguana! You headbutt the iguana. The iguana bites you! 😕 HP[-7]
You take 7 damage, and now have 48/61 hp.
You hit the iguana. You headbutt the iguana.
You kill the iguana!
Okawaru accepts your kill.
Your Axes skill increases to level 6!
No target in view!
No target in view!
No target in view!
No target in view!
No target in view!
You are no longer corroded.
u - a +0 pair of gloves 😎 HP[+13]
Your hp is fully restored (61).
Found an escape hatch in the ceiling.
You now have 139 gold pieces (gained 14).
You now have 148 gold pieces (gained 9).
Key pressed, stopping explore.
A yak comes into view.
Found 13 gold pieces.
Found a stone staircase leading down and a stone staircase leading up.
The yak bellows!
A yak comes into view.
There are monsters nearby!
A yak comes into view.
The yak bellows! x2
The yak moves out of view.
The yak gores you! 😕 HP[-8]
You take 8 damage, and now have 53/61 hp.
You slash the yak! The yak gores you! 😮 HP[-8]
You take 8 damage, and now have 45/61 hp.
You are too injured to fight recklessly!
You are too injured to fight recklessly!
You are too injured to fight recklessly!
You are too injured to fight recklessly!
You are too injured to fight recklessly!
You are too injured to fight recklessly!
You are too injured to fight recklessly!
You are too injured to fight recklessly!
You slash the yak! The yak gores you. The yak closely misses you. 😮 HP[-1]
You take 1 damage, and now have 44/61 hp.
You hit the yak. The yak gores you but does no damage.
You slash the yak! You headbutt the yak.
You kill the yak!
Okawaru is honoured by your kill.
You hit the yak. The yak gores you! 😮 HP[-7]
You take 7 damage, and now have 37/61 hp.
You barely miss the yak. You headbutt the yak! The yak gores you!
* * * LOW HITPOINT WARNING * * *
😨 HP[-8]
You take 8 damage, and now have 29/61 hp.
You barely miss the yak. The yak gores you.
* * * LOW HITPOINT WARNING * * *
The yak closely misses you. 😨 HP[-6]
You take 6 damage, and now have 23/61 hp.
You barely miss the yak. The yak gores you!
* * * LOW HITPOINT WARNING * * *
😱 HP[-12]
You take 12 damage, and now have 11/61 hp.
You hit the yak. The yak gores you but does no damage.
The yak attacks as it pursues you! The yak gores you.
* * * LOW HITPOINT WARNING * * *
😱 HP[-6]
You take 6 damage, and now have 5/61 hp. 😱 HP[+1]
The yak attacks as it pursues you! The yak gores you but does no damage.
The yak attacks as it pursues you! The yak completely misses you.
There is a stone staircase leading up here. 😱 HP[+1]
The yak gores you but does no damage.
You climb upwards.
Level annotation: 3 runed translucent doors, 2 transporters, Plaidstone's ghost, amateur DrCA
There is a stone staircase leading down here.
You slash the yak! You headbutt the yak.
The yak gores you but does no damage. 😱 HP[+1]
You barely miss the yak. You headbutt the yak, but do no damage.
The yak gores you!
You die...

Skill      XL: |  1  2  3  4  5  6  7 |
---------------+----------------------+-----
Axes           | 3 4 5 6 |  6.4
Armour         | 4 5 |  5.5
Fighting       | 4 5 |  5.5
Shields        | 4 5 |  5.5
Throwing       | 1 |  1.9

Action                     |  1- 3 |  4- 6 |  7- 9 || total
---------------------------+-------+-------+-------++-------
  Melee: War axe           |    77 |   126 |    13 ||   216
         Headbutt          |    13 |    20 |     6 ||    39
 Armour: Scale mail        |    39 |    23 |       ||    62
         Chain mail        |       |    47 |     5 ||    52
  Dodge: Dodged            |    44 |    51 |     3 ||    98
  Block: Buckler           |    18 |    30 |       ||    48

Levels and vault maps discovered:
D:1:      dreamdust_arrival_sigmund_warning, layout_rooms, serial_forest,
          infiniplex_forest_end_double, infiniplex_forest_zigzag_2,
          infiniplex_forest_clump_small, infiniplex_forest_clump_tiny,
          infiniplex_forest_clump_small, infiniplex_forest_clump_small,
          infiniplex_forest_pool, infiniplex_forest_end_2,
          infiniplex_forest_zigzag_1, infiniplex_forest_lined_3_way,
          hangedman_decor_slide_cut, interstate_on_off, serial_bayou_pond_b,
          minmay_octomino_e4
D:2:      minmay_evil_eye, layout_rooms, uniq_terence
D:3:      layout_rooms, serial_shops, shop_statue
D:4:      gammafunk_wand_slinger, layout_rooms, serial_glass, glass_columns_a,
          glass_columns_b, ebering_ghost_rock_garden
D:5:      layout_loops_ring, kennysheep_little_box, minmay_temple_entry_glass
Temple:   hellmonk_temple_divided_pantheon

Notes
Turn   | Place    | Note
-------+----------+-------------------------------------------
     0 | D:1      | Sanktem7 the Minotaur Fighter began the quest for the Orb.
     0 | D:1      | Reached XP level 1. HP: 19/19 MP: 0/0
     0 | D:1      | magus.rc [v1.9.6]
   174 | D:1      | Reached XP level 2. HP: 27/27 MP: 1/1
   241 | D:1      | Reached skill level 3 in Axes
   869 | D:2      | Reached skill level 4 in Armour
   869 | D:2      | Reached XP level 3. HP: 33/33 MP: 2/2
   883 | D:2      | Noticed Terence
   892 | D:2      | Killed Terence
   893 | D:2      | Reached skill level 4 in Fighting
   893 | D:2      | Reached skill level 4 in Shields
  1102 | D:2      | Reached XP level 4. HP: 40/40 MP: 3/3
  1350 | D:3      | Reached skill level 4 in Axes
  1475 | D:3      | Found Zoih Roa's Antique Armour Emporium.
  1771 | D:3      | Bought a shiny chain mail for 157 gold pieces
  1796 | D:4      | Reached XP level 5. HP: 47/47 MP: 4/4
  1909 | D:4      | You pick up a book of the Dragon and begin reading...
  1909 | D:4      | You add the spells Cause Fear, Fireball and Dragon's Call
                  | to your library.
  1930 | D:4      | Found a runed translucent gate.
  1930 | D:4      | Noticed Plaidstone's ghost (amateur DrCA)
  1932 | D:4      | Found a runed translucent gate.
  1933 | D:4      | Found a runed translucent gate.
  1971 | D:4      | Found a transporter.
  1972 | D:4      | Found a transporter.
  2023 | D:4      | Noticed an ogre
  2030 | D:4      | Killed an ogre
  2031 | D:4      | Reached skill level 5 in Axes
  2031 | D:4      | Reached XP level 6. HP: 54/55 MP: 5/5
  2331 | D:5      | Entered Level 5 of the Dungeon
  2340 | D:5      | Reached skill level 5 in Armour
  2345 | D:5      | Reached skill level 5 in Fighting
  2346 | D:5      | Reached skill level 5 in Shields
  2560 | D:5      | Reached skill level 1 in Throwing
  2613 | D:5      | Found a staircase to the Ecumenical Temple.
  2624 | Temple   | Found a transporter.
  2624 | Temple   | Found a transporter.
  2624 | Temple   | Found a transporter.
  2624 | Temple   | Found a transporter.
  2624 | Temple   | Entered the Ecumenical Temple
  2645 | Temple   | Became a worshipper of Warmaster Okawaru
  2719 | D:5      | Reached XP level 7. HP: 55/61 MP: 6/6
  2721 | D:5      | Reached skill level 6 in Axes
  2798 | D:5      | Noticed a yak
  2798 | D:5      | Noticed a yak
  2799 | D:5      | Noticed a yak
  2806 | D:5      | Killed a yak
  2810 | D:5      | HP: 11/61 [yak (13)]
  2812 | D:5      | HP: 5/61 [yak (6)]
  2820 | D:4      | Slain by a yak

Vanquished Creatures
  A yak (D:5)
  An ogre (D:4)
  A scorpion (D:5)
  A howler monkey (D:4)
  A hound (D:5)
  A jelly (D:5)
  Terence (D:2)
  2 orc wizards
  3 iguanas (D:5)
  3 gnolls (D:5)
  3 adders
  3 dart slugs
  13 orcs
  6 bats
  6 endoplasms
  2 giant cockroaches
  6 goblins
  5 hobgoblins
  3 jackals
  7 quokkas
  4 ball pythons
  3 frilled lizards
  9 kobolds
  6 rats
91 creatures vanquished.

Table legend:
 A = Non-vault XP
 B = Vault XP
 C = Vault XP percentage of total XP
 D = Non-vault monster count
 E = Vault monster count
 F = Vault count percentage of total count
                 A         B        C        D         E       F
            +---------+---------+-------+---------+---------+-------
      Total |     947 |      58 |   5.8 |      81 |      10 |  11.0
            +---------+---------+-------+---------+---------+-------
        D:1 |      19 |      16 |  45.7 |      13 |       7 |  35.0
        D:2 |      38 |      42 |  52.5 |      15 |       3 |  16.7
        D:3 |      80 |       0 |   0.0 |      16 |       0 |   0.0
        D:4 |     245 |       0 |   0.0 |      21 |       0 |   0.0
        D:5 |     565 |       0 |   0.0 |      16 |       0 |   0.0
            +---------+---------+-------+---------+---------+-------

Skill      XL: |  1  2  3  4  5  6  7 |
---------------+----------------------+-----
Axes           | 3 4 5 6 |  6.4
Armour         | 4 5 |  5.5
Fighting       | 4 5 |  5.5
Shields        | 4 5 |  5.5
Throwing       | 1 |  1.9

Action                     |  1- 3 |  4- 6 |  7- 9 || total
---------------------------+-------+-------+-------++-------
  Melee: War axe           |    77 |   126 |    13 ||   216
         Headbutt          |    13 |    20 |     6 ||    39
 Armour: Scale mail        |    39 |    23 |       ||    62
         Chain mail        |       |    47 |     5 ||    52
  Dodge: Dodged            |    44 |    51 |     3 ||    98
  Block: Buckler           |    18 |    30 |       ||    48

Illustrated notes

Table legend:
 A = Kills in this place as a percentage of kills in the entire game.
 B = Kills by you in this place as a percentage of kills by you in the entire game.
 C = Kills by friends in this place as a percentage of kills by friends in the entire game.
 D = Other kills in this place as a percentage of other kills in the entire game.
 E = Experience gained in this place as a percentage of experience gained in the entire game.
 F = Experience gained in this place divided by the number of levels of this place that you have seen.
                   A       B       C       D       E      F
               +-------+-------+-------+-------+-------+----------------------
         Total | 100.0 | 100.0 |   N/A |   N/A | 100.0 | 167.5
       Dungeon | 100.0 | 100.0 |   N/A |   N/A | 100.0 | 201.0
               +-------+-------+-------+-------+-------+----------------------

Table legend: (Time is in decaauts)
 A = Elapsed time spent in this place.
 B = Non-inter-level travel time spent in this place.
 C = Inter-level travel time spent in this place.
 D = Time resting spent in this place.
 E = Time spent auto-exploring this place.
 F = Levels seen in this place.
 G = Mean time per level.
                   A        B        C        D        E       F      G
               +--------+--------+--------+--------+--------+-----+--------+
         Total |   2891 |   2819 |     72 |      0 |   2237 |   6 |  481.8 |
       Dungeon |   2858 |   2786 |     72 |      0 |   2237 |   5 |  571.6 |
        Temple |     32 |     32 |      0 |      0 |      0 |   1 |   32.0 |
               +--------+--------+--------+--------+--------+-----+--------+

Top non-repeatable levels by time:
     D:1: 870 daAuts
     D:4: 552 daAuts
     D:3: 499 daAuts
     D:5: 468 daAuts
     D:2: 467 daAuts
  Temple: 32 daAuts
